AoeStats
← The Rule

Arena

510560266Analyzed
4v4 RM · 1d ago on Oct 1, 2026· 45m 34s· 8 players
Game mode
Random Map
Map size
Large (8 player)
Population
200
Speed
Normal
Resources
Standard
Victory
Conquest
Starting age
Dark Age
Ending age
Imperial Age
RankedLock teamsTeams togetherTeam positionsShared explorationLock speedFull tech treeHidden civsTurbo modeCheats
Victory
Defeat
🇲🇽 Lithuanians · Mexico
1032
+14
🇺🇸 Saxons · United States
1017
+15
🇨🇴 Hindustanis · Colombia
1007
+15
🇪🇸 Mongols · Spain
962
+17
🇨🇳 Danes · China
1291
-25
🇹🇼 Muisca · Taiwan
1021
-17
🇧🇪 Chinese · Belgium
972
-15
🇨🇳 Magyars · China
655
-4
Target Him9038
10:19 Feudal Age
16:23 Castle Age
17:07 Fletching
17:08 Double-Bit Axe
17:07 Horse Collar
20:36 Bow Saw
21:05 Wheelbarrow
20:16 Loom
21:16 Padded Archer Armor
22:30 Hand Cart
24:18 Scale Mail Armor
33:22 Imperial Age
33:59 Gambesons
34:09 Shield Wall
34:35 Pikeman
37:11 Conscription
37:46 Chain Mail Armor
37:42 Forging
38:18 Gold Mining
39:31 Two-Man Saw
38:35 Heavy Plow
38:30 Halberdier
39:11 Squires
40:23 Elite Varangian Guard
40:50 Arson
43:16 Iron Casting
43:11 Plate Mail Armor
45:52 Chemistry
45:14 Ballistics
alexisxsegura
10:39 Feudal Age
14:27 Castle Age
12:44 Double-Bit Axe
13:09 Horse Collar
15:46 Wheelbarrow
15:33 Bow Saw
17:39 Heavy Plow
25:09 Gold Mining
25:34 Stone Mining
26:29 Hand Cart
26:35 Scale Barding Armor
26:44 Husbandry
26:54 Bloodlines
27:51 Coinage
31:15 Imperial Age
29:59 Chain Barding Armor
29:50 Forging
29:33 Town Watch
31:17 Cavalier
33:09 Two-Man Saw
32:44 Crop Rotation
33:29 Plate Barding Armor
33:30 Iron Casting
33:36 Conscription
35:11 Stone Shaft Mining
34:51 Paladin
36:51 Light Cavalry
41:34 Winged Hussar
42:54 Fortified Wall
kavobi
10:59 Feudal Age
15:28 Castle Age
13:48 Double-Bit Axe
15:19 Horse Collar
16:25 Bow Saw
19:25 Heavy Plow
19:53 Loom
23:42 Stone Mining
23:44 Gold Mining
26:32 Grand Trunk Road
28:13 Stone Shaft Mining
28:15 Gold Shaft Mining
31:37 Imperial Age
29:56 Ballistics
29:47 Fortified Wall
29:50 Forging
29:45 Squires
31:21 Wheelbarrow
31:36 Iron Casting
31:01 Scale Mail Armor
31:42 Elite Ghulam
33:30 Chemistry
32:59 Hand Cart
34:19 Conscription
35:02 Blast Furnace
34:17 Chain Mail Armor
38:45 Siege Engineers
38:36 Murder Holes
38:53 Masonry
43:20 Town Watch
43:36 Fletching
The Rule
10:28 Feudal Age
11:22 Double-Bit Axe
11:23 Horse Collar
16:10 Castle Age
15:00 Stone Mining
17:34 Bow Saw
18:18 Gold Mining
19:19 Wheelbarrow
19:25 Fletching
22:37 Bodkin Arrow
28:28 Padded Archer Armor
28:27 Loom
30:49 Leather Archer Armor
30:53 Hand Cart
31:23 Ballistics
30:56 Town Watch
34:04 Imperial Age
32:52 Heavy Plow
34:32 Scale Barding Armor
34:39 Forging
34:47 Town Patrol
35:32 Conscription
36:02 Bracer
37:05 Chemistry
36:17 Thumb Ring
38:46 Parthian Tactics
37:44 Elite Mangudai
38:45 Bloodlines
38:35 Husbandry
37:56 Light Cavalry
39:52 Hussar
40:57 Chain Barding Armor
41:13 Iron Casting
41:02 Nomads
42:22 Gold Shaft Mining
Warrior
11:35 Feudal Age
15:21 Castle Age
13:50 Horse Collar
14:01 Double-Bit Axe
14:09 Horse Collar
17:37 Heavy Plow
23:08 Bow Saw
23:29 Loom
26:23 Town Watch
27:14 Wheelbarrow
30:41 Imperial Age
29:49 Husbandry
29:59 Bloodlines
29:53 Town Patrol
30:08 Hand Cart
30:02 Scale Barding Armor
30:46 Gold Mining
30:46 Stone Mining
31:15 Scale Mail Armor
31:35 Chain Barding Armor
31:58 Cavalier
33:18 Ballistics
32:54 Murder Holes
34:32 Gold Shaft Mining
35:01 Two-Man Saw
34:32 Crop Rotation
34:14 Elite Skirmisher
37:02 Chain Barding Armor
36:06 Paladin
39:26 Chemistry
38:32 Siege Engineers
38:55 Corvinian Army
39:16 Conscription
38:17 Elite Magyar Huszar
42:06 Plate Barding Armor
41:46 Chain Mail Armor
41:32 Padded Archer Armor
41:22 Fletching
41:46 Masonry
41:19 Treadmill Crane
nasrek
0:39 Loom
10:20 Feudal Age
16:05 Castle Age
17:32 Light Cavalry
18:22 Bloodlines
18:13 Husbandry
18:20 Double-Bit Axe
18:42 Scale Barding Armor
18:50 Forging
18:47 Light Cavalry
19:38 Bloodlines
22:14 Husbandry
25:17 Bow Saw
25:07 Stone Mining
27:03 Wheelbarrow
32:42 Chain Barding Armor
32:58 Iron Casting
32:14 Fletching
32:24 Padded Archer Armor
32:33 Murder Holes
33:05 Ballistics
32:56 Masonry
33:31 Squires
32:51 Pikeman
34:06 Scale Mail Armor
35:18 Bodkin Arrow
35:58 Hand Cart
38:23 Imperial Age
39:23 Halberdier
arping0904
11:15 Feudal Age
12:26 Double-Bit Axe
15:03 Loom
16:29 Wheelbarrow
15:48 Horse Collar
19:22 Castle Age
20:57 Bow Saw
21:29 Gold Mining
24:10 Imperial Age
21:57 Squires
22:07 Scale Mail Armor
22:35 Heavy Plow
23:17 Gold Shaft Mining
23:27 Fletching
25:29 Chain Mail Armor
25:21 Town Watch
25:50 Forging
29:02 Stone Mining
30:00 Iron Casting
31:12 Plate Mail Armor
31:18 Hand Cart
31:38 Bodkin Arrow
32:44 Huaracas
32:59 Conscription
33:24 Bracer
39:45 Thumb Ring
40:21 Elite Temple Guard
40:32 Pikeman
只想搞事
10:45 Feudal Age
14:34 Castle Age
14:00 Double-Bit Axe
24:20 Scale Mail Armor
34:11 Imperial Age
36:17 Chain Mail Armor
36:12 Forging
35:59 Elite Varangian Guard
37:40 Plate Mail Armor
38:50 Iron Casting
38:26 Horse Collar
40:14 Gold Mining
42:17 Blast Furnace
45:26 Gold Shaft Mining
Connection lost

Rejoining the realm…

Still unreachable

The connection could not be restored.

Session expired

The server has moved on; the page needs a fresh start.